Chicago Black Hawks vs Vegas Golden Knights
Created - Wednesday, October 1, 2025 at 07:49
Goals
|
| Chicago Black Hawks |
1 |
1 |
1 |
3 |
| Vegas Golden Knights |
1 |
4 |
0 |
5 |
|
Shots
|
| Chicago Black Hawks |
5 |
7 |
8 |
20 |
| Vegas Golden Knights |
8 |
25 |
10 |
43 |
|
1st period
1. Chicago Black Hawks , Lucas Raymond 19 (Leo Carlsson 33) at 4:07
2. Vegas Golden Knights , Auston Matthews 20 (Bryan Rust 19, Mika Zibanejad 25) at 8:18 (PP)
Penalties :
Brent Burns (CHI) for High sticking (Minor) at 8:12
2nd period
3. Vegas Golden Knights , Jared McCann 10 (Sean Monahan 33) at 0:08
4. Chicago Black Hawks , Lucas Raymond 20 (Ryan Lindgren 4) at 2:09
5. Vegas Golden Knights , Sean Monahan 22 (Tyler Toffoli 25, Jared McCann 26) at 8:15
6. Vegas Golden Knights , Jared McCann 11 (Sean Monahan 34, Tyler Toffoli 26) at 8:41 (PP)
7. Vegas Golden Knights , Andreas Athanasiou 7 (Anthony Mantha 12) at 17:32
Penalties :
Noah Cates (CHI) for Tripping (Minor) at 8:34, Thomas Chabot (VGK) for Tripping (Minor) at 9:36, Auston Matthews (VGK) for Interference (Minor) at 14:56, Justin Faulk (CHI) for Unsportsmanlike conduct (Minor) at 18:57
3rd period
8. Chicago Black Hawks , Noah Cates 6 (Brent Burns 9, Christopher Tanev 15) at 12:50 (PP)
Penalties :
Ryan Lindgren (CHI) for Delaying the game (Minor) at 9:47, Andreas Athanasiou (VGK) for Tripping (Minor) at 12:32
Goalie Stats
Filip Gustavsson (CHI), 38 saves from 43 shots - (0.884), L, 14-13-5, 60:00 minutes
Mackenzie Blackwood (VGK), 17 saves from 20 shots - (0.850), W, 17-7-3, 60:00 minutes
Players Stats for Chicago Black Hawks
Player Name G A P +/- PIM S H SB GA TA FO MP PP MP PK MP
------------------------------------------------------------------------------------
Barrett Hayton 0 0 0 0 0 0 0 1 1 0 10/25 19:17 2:12 2:11
Bobby Brink 0 0 0 -1 0 1 2 0 0 0 0/0 13:10 0:00 0:00
Brent Burns 0 1 1 -2 2 0 1 2 0 0 0/0 20:15 2:06 2:04
Brett Howden 0 0 0 1 0 0 0 0 0 0 0/0 8:41 0:00 0:10
Christopher Tanev 0 1 1 -2 0 2 1 3 0 1 0/0 20:22 2:06 2:10
Jonas Brodin 0 0 0 -1 0 0 0 3 0 0 0/0 7:31 0:00 0:00
Justin Faulk 0 0 0 0 2 1 0 2 0 3 0/0 17:43 2:10 1:00
Leo Carlsson 0 1 1 -1 0 2 0 0 0 0 3/18 19:07 1:58 1:55
Lucas Raymond 2 0 2 0 0 4 2 3 1 1 0/4 24:57 2:04 1:51
Matthew Beniers 0 0 0 -1 0 1 0 0 0 1 2/5 15:27 0:00 2:11
Morgan Frost 0 0 0 1 0 1 0 0 0 0 2/3 8:54 0:06 0:00
Noah Cates 1 0 1 0 2 1 1 0 0 0 0/0 16:59 2:12 0:00
Noah Dobson 0 0 0 2 0 2 1 0 0 0 0/0 13:09 0:00 0:00
Oliver Bjorkstrand 0 0 0 -1 0 1 2 0 0 0 0/3 16:49 1:58 0:00
Ryan Lindgren 0 1 1 2 2 0 0 0 0 0 0/0 14:36 0:00 1:07
Shane Wright 0 0 0 -1 0 1 0 0 0 0 0/0 14:37 0:06 0:00
Trevor Zegras 0 0 0 0 0 3 0 1 1 1 0/1 17:42 2:12 0:04
Zachary Werenski 0 0 0 -1 0 0 3 0 0 0 0/0 26:29 2:10 2:01
Players Stats for Vegas Golden Knights
Player Name G A P +/- PIM S H SB GA TA FO MP PP MP PK MP
------------------------------------------------------------------------------------
Andreas Athanasiou 1 0 1 0 2 2 0 0 0 0 1/2 10:29 0:00 1:46
Anthony Mantha 0 1 1 0 0 3 1 0 0 0 1/1 11:19 2:23 0:00
Auston Matthews 1 0 1 -1 2 1 2 0 0 0 2/3 17:16 2:01 0:58
Bryan Rust 0 1 1 -1 0 3 4 0 0 0 0/2 17:24 2:01 1:12
Cole Smith 0 0 0 0 0 2 2 0 0 0 0/0 13:22 0:00 0:00
Jack Johnson 0 0 0 -1 0 0 0 0 0 2 0/0 16:14 0:00 2:18
Jared McCann 2 1 3 2 0 8 2 0 0 0 0/0 17:19 2:10 0:00
Jordan Staal 0 0 0 0 0 5 1 0 1 0 8/10 15:18 0:00 1:55
Mathieu Olivier 0 0 0 0 0 0 0 0 0 0 0/0 10:48 0:00 2:04
Mika Zibanejad 0 1 1 -1 0 7 2 0 1 0 13/16 16:29 2:01 0:11
Reilly Smith 0 0 0 0 0 2 1 0 1 0 0/0 14:08 0:00 0:26
Roman Josi 0 0 0 2 0 3 2 3 1 0 0/0 26:33 2:23 2:37
Sean Monahan 1 2 3 2 0 3 1 0 2 0 17/24 17:34 2:10 0:00
Shea Theodore 0 0 0 2 0 1 1 1 0 1 0/0 24:26 1:48 0:55
Thomas Chabot 0 0 0 0 2 0 1 3 1 0 0/0 18:32 1:48 0:41
Travis Hamonic 0 0 0 0 0 1 1 1 0 0 0/0 17:12 0:00 1:58
Tyler Toffoli 0 2 2 2 0 2 0 0 0 0 0/1 17:19 2:10 0:00
Zach Bogosian 0 0 0 -1 0 0 0 1 0 0 0/0 13:59 0:00 0:03
3 Stars
1 - Jared McCann (VGK)
2 - Sean Monahan (VGK)
3 - Lucas Raymond (CHI)
Power Play
Chicago Black Hawks - 1 on 3 Attempt(s) - 33.33%
Vegas Golden Knights - 2 on 4 Attempt(s) - 50.00%
Penalty Kill
Chicago Black Hawks - 2 on 4 Attempt(s) - 50.00%
- Score 0 goal in Penalty Kill
Vegas Golden Knights - 2 on 3 Attempt(s) - 66.67%
- Score 0 goal in Penalty Kill
Team Stat
Chicago Black Hawks - Hits : 13 - Faceoff Wins : 17 - Blocked Shots : 15 - Penalty Minutes : 8
Vegas Golden Knights - Hits : 21 - Faceoff Wins : 42 - Blocked Shots : 9 - Penalty Minutes : 6
Official
Referees : Tom Chmielewski and Chris Schlenker
Linesman : Dan Kelly and Travis Toomey
Game Notes
No Game Note
Finance
Level 1 -- Attendance: 6000 (100.00%) -- Ticket Income $570,000
Level 2 -- Attendance: 4767 (95.34%) -- Ticket Income $262,185
Level 3 -- Attendance: 2674 (89.13%) -- Ticket Income $80,220
Level 4 -- Attendance: 4919 (98.38%) -- Ticket Income $98,380
Luxury Box -- Attendance: 865 (86.50%) -- Ticket Income $164,350
Game was played at the T-Mobile Arena.
Total Attendance: 19225 (96.13%)
Total Ticket Income: $1,175,135
Other Income: $411,297
Total Income: $1,586,432
Chicago Black Hawks
5 vs 5 Forward
Center Left Wing Right Wing Time % Phy DF OF
1 Leo Carlsson Lucas Raymond Oliver Bjorkstrand 30 1 2 2
2 Barrett Hayton Noah Cates Trevor Zegras 30 1 2 2
3 Matthew Beniers Shane Wright Bobby Brink 25 1 2 2
4 Morgan Frost Brett Howden Lucas Raymond 15 1 2 2
5 vs 5 Defense
Defense Defense Time % Phy DF OF
1 Zachary Werenski Justin Faulk 30 1 2 2
2 Brent Burns Christopher Tanev 30 1 2 2
3 Noah Dobson Ryan Lindgren 25 1 2 2
4 Jonas Brodin Zachary Werenski 15 1 2 2
PowerPlay Forward
Center Left Wing Right Wing Time % Phy DF OF
1 Leo Carlsson Lucas Raymond Oliver Bjorkstrand 50 1 2 2
2 Barrett Hayton Noah Cates Trevor Zegras 50 1 2 2
PowerPlay Defense
Defense Defense Time % Phy DF OF
1 Zachary Werenski Justin Faulk 50 1 2 2
2 Brent Burns Christopher Tanev 50 1 2 2
Penalty Kill 4 Players Forward
Center Wing Time % Phy DF OF
1 Lucas Raymond Leo Carlsson 50 1 2 2
2 Barrett Hayton Matthew Beniers 50 1 2 2
Penalty Kill 4 Players Defense
Defense Defense Time % Phy DF OF
1 Zachary Werenski Justin Faulk 50 1 2 2
2 Brent Burns Christopher Tanev 50 1 2 2
Penalty Kill - 3 Players Forward
Forward Time % Phy DF OF
1 Lucas Raymond 50 1 2 2
2 Leo Carlsson 50 1 2 2
Penalty Kill - 3 Players Defense
Defense Defense Time % Phy DF OF
1 Zachary Werenski Justin Faulk 50 1 2 2
2 Brent Burns Christopher Tanev 50 1 2 2
4 vs 4 Forward
Center Wing Time % Phy DF OF
1 Lucas Raymond Leo Carlsson 50 1 2 2
2 Barrett Hayton Matthew Beniers 50 1 2 2
4 vs 4 Defense
Defense Defense Time % Phy DF OF
1 Zachary Werenski Justin Faulk 50 1 2 2
2 Brent Burns Christopher Tanev 50 1 2 2
Last Minutes Offensive
Center Left Wing Right Wing Defense Defense
Leo Carlsson Lucas Raymond Oliver Bjorkstrand Zachary Werenski Justin Faulk
Last Minutes Defensive
Center Left Wing Right Wing Defense Defense
Leo Carlsson Lucas Raymond Oliver Bjorkstrand Zachary Werenski Justin Faulk
Goaltenders
Starting : Filip Gustavsson
Backup : Adin Hill
Extra Forwards
Normal : Shane Wright, Morgan Frost, Brett Howden - PP : Shane Wright, Morgan Frost - PK : Brett Howden
Extra Defensemen
Normal : Noah Dobson, Ryan Lindgren, Jonas Brodin - PP : Noah Dobson - PK : Ryan Lindgren, Jonas Brodin
Penalty Shots
Lucas Raymond, Leo Carlsson, Barrett Hayton, Matthew Beniers, Oliver Bjorkstrand
Scratches
David Jiricek (Healthy), Simon Nemec (Healthy), Eeli Tolvanen (Healthy), Antonio Stranges (Healthy), Ryan Suzuki (Healthy)
Vegas Golden Knights
5 vs 5 Forward
Center Left Wing Right Wing Time % Phy DF OF
1 Mika Zibanejad Auston Matthews Bryan Rust 30 1 2 2
2 Sean Monahan Jared McCann Tyler Toffoli 30 1 2 2
3 Jordan Staal Cole Smith Reilly Smith 25 1 2 2
4 Andreas Athanasiou Mathieu Olivier Anthony Mantha 15 1 2 2
5 vs 5 Defense
Defense Defense Time % Phy DF OF
1 Roman Josi Shea Theodore 30 1 2 2
2 Thomas Chabot Travis Hamonic 30 1 2 2
3 Jack Johnson Zach Bogosian 25 1 2 2
4 Roman Josi Shea Theodore 15 1 2 2
PowerPlay Forward
Center Left Wing Right Wing Time % Phy DF OF
1 Mika Zibanejad Auston Matthews Bryan Rust 50 1 2 2
2 Sean Monahan Jared McCann Tyler Toffoli 50 1 2 2
PowerPlay Defense
Defense Defense Time % Phy DF OF
1 Shea Theodore Thomas Chabot 50 1 2 2
2 Roman Josi Anthony Mantha 50 1 2 2
Penalty Kill 4 Players Forward
Center Wing Time % Phy DF OF
1 Jordan Staal Auston Matthews 50 1 2 2
2 Andreas Athanasiou Mathieu Olivier 50 1 2 2
Penalty Kill 4 Players Defense
Defense Defense Time % Phy DF OF
1 Thomas Chabot Travis Hamonic 50 1 2 2
2 Roman Josi Jack Johnson 50 1 2 2
Penalty Kill - 3 Players Forward
Forward Time % Phy DF OF
1 Jordan Staal 50 1 2 2
2 Andreas Athanasiou 50 1 2 2
Penalty Kill - 3 Players Defense
Defense Defense Time % Phy DF OF
1 Thomas Chabot Travis Hamonic 50 1 2 2
2 Shea Theodore Jack Johnson 50 1 2 2
4 vs 4 Forward
Center Wing Time % Phy DF OF
1 Mika Zibanejad Auston Matthews 50 1 2 2
2 Sean Monahan Tyler Toffoli 50 1 2 2
4 vs 4 Defense
Defense Defense Time % Phy DF OF
1 Shea Theodore Roman Josi 50 1 2 2
2 Thomas Chabot Travis Hamonic 50 1 2 2
Last Minutes Offensive
Center Left Wing Right Wing Defense Defense
Sean Monahan Auston Matthews Bryan Rust Shea Theodore Roman Josi
Last Minutes Defensive
Center Left Wing Right Wing Defense Defense
Jordan Staal Mathieu Olivier Reilly Smith Thomas Chabot Travis Hamonic
Goaltenders
Starting : Mackenzie Blackwood
Backup : Sergei Bobrovsky
Extra Forwards
Normal : Sean Monahan, Auston Matthews, Mika Zibanejad - PP : Jordan Staal, Sean Monahan - PK : Bryan Rust
Extra Defensemen
Normal : Thomas Chabot, Shea Theodore, Roman Josi - PP : Thomas Chabot - PK : Shea Theodore, Roman Josi
Penalty Shots
Mika Zibanejad, Sean Monahan, Bryan Rust, Anthony Mantha, Auston Matthews
Scratches
Mathew Barzal (Healthy), Erik Johnson (Healthy)
% Time on Ice - Chicago Black Hawks
Lines # - Real PCT - Wanted PCT - Time Play
Normal Forward
1 - 29% - 30% - 14:49
2 - 30% - 30% - 15:42
3 - 26% - 25% - 13:10
4 - 15% - 15% - 7:52
Normal Defense
1 - 29% - 30% - 14:47
2 - 31% - 30% - 16:06
3 - 26% - 25% - 13:09
4 - 15% - 15% - 7:31
PP Forward
1 - 48% - 50% - 2:04
2 - 52% - 50% - 2:12
PP Defense
1 - 51% - 50% - 2:10
2 - 49% - 50% - 2:06
PK Forward
1 - 48% - 50% - 2:00
2 - 52% - 50% - 2:11
PK Defense
1 - 48% - 50% - 2:01
2 - 52% - 50% - 2:10
PK3 Forward
1 - 0% - 50%
2 - 0% - 50%
PK3 Defense
1 - 0% - 50%
2 - 0% - 50%
44 Forward
1 - 0% - 50%
2 - 0% - 50%
44 Defense
1 - 0% - 50%
2 - 0% - 50%
Last Minute Offensive - 0:00
Last Minute Defensive - 0:00
Total
Forward - 60:00
Defense - 60:00
|
% Time on Ice - Vegas Golden Knights
Lines # - Real PCT - Wanted PCT - Time Play
Normal Forward
1 - 28% - 30% - 14:11
2 - 30% - 30% - 15:16
3 - 26% - 25% - 13:22
4 - 17% - 15% - 8:44
Normal Defense
1 - 30% - 30% - 15:39
2 - 31% - 30% - 16:11
3 - 26% - 25% - 13:34
4 - 12% - 15% - 6:09
PP Forward
1 - 48% - 50% - 2:01
2 - 52% - 50% - 2:10
PP Defense
1 - 43% - 50% - 1:48
2 - 57% - 50% - 2:23
PK Forward
1 - 49% - 50% - 2:06
2 - 51% - 50% - 2:10
PK Defense
1 - 51% - 50% - 2:10
2 - 49% - 50% - 2:06
PK3 Forward
1 - 0% - 50%
2 - 0% - 50%
PK3 Defense
1 - 0% - 50%
2 - 0% - 50%
44 Forward
1 - 0% - 50%
2 - 0% - 50%
44 Defense
1 - 0% - 50%
2 - 0% - 50%
Last Minute Offensive - 0:00
Last Minute Defensive - 0:00
Total
Forward - 60:00
Defense - 60:00
|
Play-by-Play
1st period
0:01 of 1st period - Mika Zibanejad wins face-off versus Leo Carlsson in neutral zone.
0:16 of 1st period - Snap shot by Leo Carlsson.
0:16 of 1st period - Shot Misses the Net.
0:53 of 1st period - Reilly Smith is hit by Bobby Brink and loses puck.
1:26 of 1st period - Thomas Chabot is hit by Noah Cates and loses puck.
2:01 of 1st period - Jonas Brodin is hit by Cole Smith and loses puck.
2:06 of 1st period - Wrist shot by Reilly Smith.
2:06 of 1st period - Shot Blocked by Jonas Brodin.
3:18 of 1st period - Wrist shot by Sean Monahan.
3:18 of 1st period - Deflect By Tyler Toffoli.
3:18 of 1st period - Shot Misses the Net.
3:18 of 1st period - Puck is out of play.
3:19 of 1st period - Sean Monahan wins face-off versus Barrett Hayton in Chicago Black Hawks zone.
3:44 of 1st period - Jordan Staal is hit by Zachary Werenski and loses puck.
4:07 of 1st period - Snap shot by Lucas Raymond.
4:07 of 1st period - Goal by Lucas Raymond - Chicago Black Hawks : 1 - Vegas Golden Knights : 0.
4:08 of 1st period - Sean Monahan wins face-off versus Oliver Bjorkstrand in neutral zone.
4:19 of 1st period - Sean Monahan is hit by Oliver Bjorkstrand and loses puck.
5:10 of 1st period - Zachary Werenski is hit by Cole Smith.
5:22 of 1st period - Wrist shot by Lucas Raymond.
5:22 of 1st period - Shot Misses the Net.
5:24 of 1st period - Slapshot by Noah Dobson.
5:24 of 1st period - Stopped by Mackenzie Blackwood with a rebound.
5:26 of 1st period - Wrist shot by Morgan Frost.
5:26 of 1st period - Stopped by Mackenzie Blackwood without a rebound.
5:27 of 1st period - Sean Monahan wins face-off versus Barrett Hayton in Vegas Golden Knights zone.
5:44 of 1st period - Wrist shot by Jared McCann.
5:44 of 1st period - Shot Blocked by Christopher Tanev.
6:00 of 1st period - Slapshot by Auston Matthews.
6:00 of 1st period - Deflect By Mika Zibanejad.
6:00 of 1st period - Deflect By Brent Burns.
6:00 of 1st period - Stopped by Filip Gustavsson with a rebound.
6:36 of 1st period - Zach Bogosian is hit by Noah Dobson and loses puck.
7:01 of 1st period - Noah Dobson is hit by Thomas Chabot and loses puck.
8:12 of 1st period - Minor Penalty to Brent Burns for High sticking.
8:13 of 1st period - Mika Zibanejad wins face-off versus Barrett Hayton in Chicago Black Hawks zone.
8:16 of 1st period - Wrist shot by Bryan Rust.
8:16 of 1st period - Shot Misses the Net.
8:18 of 1st period - Backhand shot by Auston Matthews.
8:18 of 1st period - Goal by Auston Matthews - Chicago Black Hawks : 1 - Vegas Golden Knights : 1.
8:19 of 1st period - Mika Zibanejad wins face-off versus Leo Carlsson in neutral zone.
8:34 of 1st period - Wrist shot by Bryan Rust.
8:34 of 1st period - Stopped by Filip Gustavsson without a rebound.
8:35 of 1st period - Sean Monahan wins face-off versus Barrett Hayton in Chicago Black Hawks zone.
10:49 of 1st period - Snap shot by Bryan Rust.
10:49 of 1st period - Shot Misses the Net.
11:01 of 1st period - Snap shot by Barrett Hayton.
11:01 of 1st period - Shot Blocked by Travis Hamonic.
11:26 of 1st period - Snap shot by Reilly Smith.
11:26 of 1st period - Stopped by Filip Gustavsson with a rebound.
11:38 of 1st period - Noah Cates is hit by Bryan Rust and loses puck.
12:27 of 1st period - Snap shot by Jordan Staal.
12:27 of 1st period - Shot Misses the Net.
12:29 of 1st period - Slapshot by Cole Smith.
12:29 of 1st period - Stopped by Filip Gustavsson without a rebound.
12:30 of 1st period - Jordan Staal wins face-off versus Lucas Raymond in Chicago Black Hawks zone.
12:45 of 1st period - Brent Burns is hit by Jordan Staal and loses puck.
15:11 of 1st period - Wrist shot by Jordan Staal.
15:11 of 1st period - Stopped by Filip Gustavsson without a rebound.
15:12 of 1st period - Barrett Hayton wins face-off versus Sean Monahan in Chicago Black Hawks zone.
15:39 of 1st period - Bobby Brink is hit by Bryan Rust and loses puck.
16:00 of 1st period - Thomas Chabot is hit by Lucas Raymond and loses puck.
16:40 of 1st period - Snap shot by Tyler Toffoli.
16:40 of 1st period - Deflect By Lucas Raymond.
16:40 of 1st period - Shot Blocked by Lucas Raymond.
16:40 of 1st period - Puck is out of play.
16:41 of 1st period - Matthew Beniers wins face-off versus Sean Monahan in Chicago Black Hawks zone.
16:41 of 1st period - Matthew Beniers is hit by Jared McCann.
16:47 of 1st period - Snap shot by Shane Wright.
16:47 of 1st period - Shot Blocked by Roman Josi.
16:49 of 1st period - Slapshot by Shane Wright.
16:49 of 1st period - Shot Misses the Net.
16:51 of 1st period - Slapshot by Bobby Brink.
16:51 of 1st period - Stopped by Mackenzie Blackwood without a rebound.
16:52 of 1st period - Leo Carlsson wins face-off versus Mika Zibanejad in Vegas Golden Knights zone.
16:57 of 1st period - Snap shot by Leo Carlsson.
16:57 of 1st period - Stopped by Mackenzie Blackwood without a rebound.
16:58 of 1st period - Auston Matthews wins face-off versus Leo Carlsson in Vegas Golden Knights zone.
17:11 of 1st period - Oliver Bjorkstrand is hit by Mika Zibanejad and loses puck.
17:46 of 1st period - Snap shot by Mika Zibanejad.
17:46 of 1st period - Shot Misses the Net.
17:48 of 1st period - Wrist shot by Roman Josi.
17:48 of 1st period - Shot Blocked by Lucas Raymond.
17:50 of 1st period - Slapshot by Roman Josi.
17:50 of 1st period - Shot Misses the Net.
17:52 of 1st period - Wrist shot by Bryan Rust.
17:52 of 1st period - Deflect By Mika Zibanejad.
17:52 of 1st period - Shot Misses the Net.
17:52 of 1st period - Puck is out of play.
17:53 of 1st period - Barrett Hayton wins face-off versus Sean Monahan in Chicago Black Hawks zone.
18:04 of 1st period - Noah Dobson is hit by Sean Monahan and loses puck.
18:23 of 1st period - Jack Johnson is hit by Bobby Brink and loses puck.
18:38 of 1st period - Icing by Brett Howden.
18:39 of 1st period - Morgan Frost wins face-off versus Tyler Toffoli in Chicago Black Hawks zone.
19:06 of 1st period - Noah Dobson is hit by Auston Matthews.
19:25 of 1st period - Off-side.
19:26 of 1st period - Jordan Staal wins face-off versus Barrett Hayton in neutral zone.
19:39 of 1st period - Snap shot by Roman Josi.
19:39 of 1st period - Deflect By Jordan Staal.
19:39 of 1st period - Deflect By Trevor Zegras.
19:39 of 1st period - Shot Blocked by Jonas Brodin.
19:39 of 1st period - Puck is out of play.
19:40 of 1st period - Sean Monahan wins face-off versus Leo Carlsson in Chicago Black Hawks zone.
19:41 of 1st period - Wrist shot by Tyler Toffoli.
19:41 of 1st period - Shot Misses the Net.
19:43 of 1st period - Wrist shot by Jared McCann.
19:43 of 1st period - Stopped by Filip Gustavsson with a rebound.
19:45 of 1st period - Snap shot by Jared McCann.
19:45 of 1st period - Shot Misses the Net.
19:47 of 1st period - Wrist shot by Jared McCann.
19:47 of 1st period - Shot Misses the Net.
19:49 of 1st period - Snap shot by Sean Monahan.
19:49 of 1st period - Stopped by Filip Gustavsson without a rebound.
19:50 of 1st period - Sean Monahan wins face-off versus Leo Carlsson in Chicago Black Hawks zone.
19:59 of 1st period - Snap shot by Sean Monahan.
19:59 of 1st period - Shot Misses the Net.
Goals for this period are 1 for Chicago Black Hawks vs 1 for Vegas Golden Knights.
Shots for this period are 5 for Chicago Black Hawks vs 8 for Vegas Golden Knights.
2nd period
0:01 of 2nd period - Sean Monahan wins face-off versus Oliver Bjorkstrand in neutral zone.
0:04 of 2nd period - Slapshot by Roman Josi.
0:04 of 2nd period - Stopped by Filip Gustavsson without a rebound.
0:05 of 2nd period - Sean Monahan wins face-off versus Leo Carlsson in Chicago Black Hawks zone.
0:06 of 2nd period - Snap shot by Jared McCann.
0:06 of 2nd period - Stopped by Filip Gustavsson with a rebound.
0:08 of 2nd period - Wrist shot by Jared McCann.
0:08 of 2nd period - Goal by Jared McCann - Chicago Black Hawks : 1 - Vegas Golden Knights : 2.
0:09 of 2nd period - Barrett Hayton wins face-off versus Mika Zibanejad in neutral zone.
0:36 of 2nd period - Sean Monahan is hit by Zachary Werenski and loses puck.
0:59 of 2nd period - Snap shot by Jordan Staal.
0:59 of 2nd period - Stopped by Filip Gustavsson without a rebound.
1:00 of 2nd period - Jordan Staal wins face-off versus Barrett Hayton in Chicago Black Hawks zone.
2:09 of 2nd period - Snap shot by Lucas Raymond.
2:09 of 2nd period - Goal by Lucas Raymond - Chicago Black Hawks : 2 - Vegas Golden Knights : 2.
2:10 of 2nd period - Mika Zibanejad wins face-off versus Barrett Hayton in neutral zone.
2:19 of 2nd period - Snap shot by Bryan Rust.
2:19 of 2nd period - Shot Blocked by Trevor Zegras.
3:26 of 2nd period - Snap shot by Anthony Mantha.
3:26 of 2nd period - Stopped by Filip Gustavsson with a rebound.
3:40 of 2nd period - Slapshot by Barrett Hayton.
3:40 of 2nd period - Deflect By Trevor Zegras.
3:40 of 2nd period - Stopped by Mackenzie Blackwood with a rebound.
3:42 of 2nd period - Slapshot by Trevor Zegras.
3:42 of 2nd period - Shot Blocked by Roman Josi.
3:44 of 2nd period - Slapshot by Christopher Tanev.
3:44 of 2nd period - Shot Blocked by Roman Josi.
3:46 of 2nd period - Snap shot by Christopher Tanev.
3:46 of 2nd period - Stopped by Mackenzie Blackwood with a rebound.
3:53 of 2nd period - Icing by Bryan Rust.
3:54 of 2nd period - Matthew Beniers wins face-off versus Sean Monahan in Vegas Golden Knights zone.
3:55 of 2nd period - Wrist shot by Bobby Brink.
3:55 of 2nd period - Shot Misses the Net.
4:42 of 2nd period - Snap shot by Mika Zibanejad.
4:42 of 2nd period - Stopped by Filip Gustavsson without a rebound.
4:43 of 2nd period - Mika Zibanejad wins face-off versus Leo Carlsson in Chicago Black Hawks zone.
5:13 of 2nd period - Snap shot by Jared McCann.
5:13 of 2nd period - Stopped by Filip Gustavsson with a rebound.
6:08 of 2nd period - Brent Burns is hit by Auston Matthews.
6:48 of 2nd period - Snap shot by Jared McCann.
6:48 of 2nd period - Stopped by Filip Gustavsson with a rebound.
6:50 of 2nd period - Snap shot by Anthony Mantha.
6:50 of 2nd period - Stopped by Filip Gustavsson with a rebound.
6:52 of 2nd period - Slapshot by Jack Johnson.
6:52 of 2nd period - Shot Blocked by Christopher Tanev.
6:56 of 2nd period - Wrist shot by Anthony Mantha.
6:56 of 2nd period - Stopped by Filip Gustavsson without a rebound.
6:57 of 2nd period - Barrett Hayton wins face-off versus Mika Zibanejad in Chicago Black Hawks zone.
7:22 of 2nd period - Snap shot by Shane Wright.
7:22 of 2nd period - Shot Misses the Net.
7:24 of 2nd period - Slapshot by Noah Dobson.
7:24 of 2nd period - Shot Misses the Net.
7:26 of 2nd period - Slapshot by Noah Dobson.
7:26 of 2nd period - Deflect By Shea Theodore.
7:26 of 2nd period - Stopped by Mackenzie Blackwood without a rebound.
7:27 of 2nd period - Jordan Staal wins face-off versus Leo Carlsson in Vegas Golden Knights zone.
7:50 of 2nd period - Trevor Zegras is hit by Reilly Smith and loses puck.
7:59 of 2nd period - Wrist shot by Jordan Staal.
7:59 of 2nd period - Deflect By Cole Smith.
7:59 of 2nd period - Stopped by Filip Gustavsson with a rebound.
8:01 of 2nd period - Slapshot by Travis Hamonic.
8:01 of 2nd period - Stopped by Filip Gustavsson without a rebound.
8:02 of 2nd period - Sean Monahan wins face-off versus Leo Carlsson in Chicago Black Hawks zone.
8:15 of 2nd period - Wrist shot by Sean Monahan.
8:15 of 2nd period - Deflect By Lucas Raymond.
8:15 of 2nd period - Goal by Sean Monahan - Chicago Black Hawks : 2 - Vegas Golden Knights : 3.
8:16 of 2nd period - Mika Zibanejad wins face-off versus Leo Carlsson in neutral zone.
8:26 of 2nd period - Snap shot by Auston Matthews.
8:26 of 2nd period - Shot Misses the Net.
8:28 of 2nd period - Wrist shot by Shea Theodore.
8:28 of 2nd period - Stopped by Filip Gustavsson with a rebound.
8:30 of 2nd period - Slapshot by Shea Theodore.
8:30 of 2nd period - Deflect By Mika Zibanejad.
8:30 of 2nd period - Shot Blocked by Jonas Brodin.
8:30 of 2nd period - Puck is out of play.
8:31 of 2nd period - Barrett Hayton wins face-off versus Sean Monahan in Chicago Black Hawks zone.
8:31 of 2nd period - Barrett Hayton is hit by Roman Josi.
8:34 of 2nd period - Minor Penalty to Noah Cates for Tripping.
8:35 of 2nd period - Sean Monahan wins face-off versus Lucas Raymond in Chicago Black Hawks zone.
8:35 of 2nd period - Wrist shot by Tyler Toffoli.
8:35 of 2nd period - Deflect By Sean Monahan.
8:35 of 2nd period - Shot Misses the Net.
8:35 of 2nd period - Puck is out of play.
8:36 of 2nd period - Sean Monahan wins face-off versus Lucas Raymond in Chicago Black Hawks zone.
8:41 of 2nd period - Wrist shot by Jared McCann.
8:41 of 2nd period - Goal by Jared McCann - Chicago Black Hawks : 2 - Vegas Golden Knights : 4.
8:42 of 2nd period - Mika Zibanejad wins face-off versus Leo Carlsson in neutral zone.
8:47 of 2nd period - Wrist shot by Mika Zibanejad.
8:47 of 2nd period - Shot Misses the Net.
8:51 of 2nd period - Snap shot by Auston Matthews.
8:51 of 2nd period - Shot Blocked by Christopher Tanev.
8:53 of 2nd period - Snap shot by Mika Zibanejad.
8:53 of 2nd period - Shot Misses the Net.
9:15 of 2nd period - Snap shot by Andreas Athanasiou.
9:15 of 2nd period - Shot Blocked by Brent Burns.
9:17 of 2nd period - Snap shot by Andreas Athanasiou.
9:17 of 2nd period - Shot Misses the Net.
9:36 of 2nd period - Minor Penalty to Thomas Chabot for Tripping.
9:37 of 2nd period - Barrett Hayton wins face-off versus Jordan Staal in Vegas Golden Knights zone.
9:39 of 2nd period - Snap shot by Barrett Hayton.
9:39 of 2nd period - Shot Misses the Net.
10:03 of 2nd period - Justin Faulk is hit by Travis Hamonic and loses puck.
11:36 of 2nd period - Penalty to Thomas Chabot is over, Thomas Chabot is back on ice.
11:46 of 2nd period - Snap shot by Tyler Toffoli.
11:46 of 2nd period - Stopped by Filip Gustavsson with a rebound.
12:24 of 2nd period - Noah Dobson is hit by Anthony Mantha and loses puck.
12:45 of 2nd period - Slapshot by Shea Theodore.
12:45 of 2nd period - Shot Misses the Net.
12:47 of 2nd period - Snap shot by Mika Zibanejad.
12:47 of 2nd period - Stopped by Filip Gustavsson without a rebound.
12:48 of 2nd period - Mika Zibanejad wins face-off versus Leo Carlsson in Chicago Black Hawks zone.
12:51 of 2nd period - Slapshot by Bryan Rust.
12:51 of 2nd period - Deflect By Auston Matthews.
12:51 of 2nd period - Shot Blocked by Lucas Raymond.
12:51 of 2nd period - Puck is out of play.
12:52 of 2nd period - Mika Zibanejad wins face-off versus Leo Carlsson in Chicago Black Hawks zone.
13:01 of 2nd period - Snap shot by Bryan Rust.
13:01 of 2nd period - Stopped by Filip Gustavsson with a rebound.
13:03 of 2nd period - Snap shot by Mika Zibanejad.
13:03 of 2nd period - Stopped by Filip Gustavsson with a rebound.
13:05 of 2nd period - Snap shot by Mika Zibanejad.
13:05 of 2nd period - Stopped by Filip Gustavsson without a rebound.
13:06 of 2nd period - Sean Monahan wins face-off versus Barrett Hayton in Chicago Black Hawks zone.
13:17 of 2nd period - Snap shot by Sean Monahan.
13:17 of 2nd period - Shot Blocked by Justin Faulk.
13:23 of 2nd period - Wrist shot by Sean Monahan.
13:23 of 2nd period - Shot Misses the Net.
13:42 of 2nd period - Snap shot by Reilly Smith.
13:42 of 2nd period - Stopped by Filip Gustavsson without a rebound.
13:43 of 2nd period - Morgan Frost wins face-off versus Auston Matthews in Chicago Black Hawks zone.
13:53 of 2nd period - Slapshot by Lucas Raymond.
13:53 of 2nd period - Stopped by Mackenzie Blackwood without a rebound.
13:54 of 2nd period - Jordan Staal wins face-off versus Trevor Zegras in Vegas Golden Knights zone.
14:41 of 2nd period - Snap shot by Mika Zibanejad.
14:41 of 2nd period - Stopped by Filip Gustavsson without a rebound.
14:42 of 2nd period - Mika Zibanejad wins face-off versus Matthew Beniers in Chicago Black Hawks zone.
14:56 of 2nd period - Minor Penalty to Auston Matthews for Interference.
14:57 of 2nd period - Jordan Staal wins face-off versus Oliver Bjorkstrand in Vegas Golden Knights zone.
15:13 of 2nd period - Wrist shot by Oliver Bjorkstrand.
15:13 of 2nd period - Stopped by Mackenzie Blackwood without a rebound.
15:14 of 2nd period - Barrett Hayton wins face-off versus Jordan Staal in Vegas Golden Knights zone.
16:05 of 2nd period - Snap shot by Andreas Athanasiou.
16:05 of 2nd period - Stopped by Filip Gustavsson with a rebound.
16:56 of 2nd period - Penalty to Auston Matthews is over, Auston Matthews is back on ice.
17:10 of 2nd period - Wrist shot by Shane Wright.
17:10 of 2nd period - Shot Misses the Net.
17:12 of 2nd period - Snap shot by Matthew Beniers.
17:12 of 2nd period - Stopped by Mackenzie Blackwood with a rebound.
17:26 of 2nd period - Slapshot by Bryan Rust.
17:26 of 2nd period - Shot Misses the Net.
17:28 of 2nd period - Wrist shot by Mika Zibanejad.
17:28 of 2nd period - Stopped by Filip Gustavsson without a rebound.
17:29 of 2nd period - Anthony Mantha wins face-off versus Matthew Beniers in Chicago Black Hawks zone.
17:32 of 2nd period - Wrist shot by Andreas Athanasiou.
17:32 of 2nd period - Goal by Andreas Athanasiou - Chicago Black Hawks : 2 - Vegas Golden Knights : 5.
17:33 of 2nd period - Jordan Staal wins face-off versus Barrett Hayton in neutral zone.
18:00 of 2nd period - Auston Matthews is hit by Brent Burns and loses puck.
18:30 of 2nd period - Off-side.
18:31 of 2nd period - Sean Monahan wins face-off versus Barrett Hayton in neutral zone.
18:57 of 2nd period - Minor Penalty to Justin Faulk for Unsportsmanlike conduct.
18:58 of 2nd period - Mika Zibanejad wins face-off versus Barrett Hayton in Chicago Black Hawks zone.
Goals for this period are 1 for Chicago Black Hawks vs 4 for Vegas Golden Knights.
Shots for this period are 7 for Chicago Black Hawks vs 25 for Vegas Golden Knights.
3rd period
0:01 of 3rd period - Sean Monahan wins face-off versus Lucas Raymond in neutral zone.
0:17 of 3rd period - Wrist shot by Sean Monahan.
0:17 of 3rd period - Shot Misses the Net.
0:57 of 3rd period - Penalty to Justin Faulk is over, Justin Faulk is back on ice.
1:38 of 3rd period - Zach Bogosian is hit by Christopher Tanev and loses puck.
1:43 of 3rd period - Snap shot by Shane Wright.
1:43 of 3rd period - Stopped by Mackenzie Blackwood with a rebound.
2:07 of 3rd period - Bryan Rust is hit by Zachary Werenski and loses puck.
3:42 of 3rd period - Shane Wright is hit by Roman Josi and loses puck.
5:26 of 3rd period - Zach Bogosian is hit by Oliver Bjorkstrand and loses puck.
5:56 of 3rd period - Icing by Anthony Mantha.
5:57 of 3rd period - Leo Carlsson wins face-off versus Andreas Athanasiou in Vegas Golden Knights zone.
5:58 of 3rd period - Slapshot by Lucas Raymond.
5:58 of 3rd period - Shot Misses the Net.
6:00 of 3rd period - Snap shot by Noah Dobson.
6:00 of 3rd period - Deflect By Lucas Raymond.
6:00 of 3rd period - Shot Misses the Net.
6:00 of 3rd period - Puck is out of play.
6:01 of 3rd period - Leo Carlsson wins face-off versus Sean Monahan in Vegas Golden Knights zone.
6:02 of 3rd period - Wrist shot by Lucas Raymond.
6:02 of 3rd period - Stopped by Mackenzie Blackwood with a rebound.
6:38 of 3rd period - Wrist shot by Noah Cates.
6:38 of 3rd period - Shot Blocked by Shea Theodore.
6:48 of 3rd period - Slapshot by Roman Josi.
6:48 of 3rd period - Stopped by Filip Gustavsson with a rebound.
7:55 of 3rd period - Snap shot by Bryan Rust.
7:55 of 3rd period - Shot Blocked by Barrett Hayton.
7:57 of 3rd period - Snap shot by Bryan Rust.
7:57 of 3rd period - Stopped by Filip Gustavsson with a rebound.
8:31 of 3rd period - Slapshot by Justin Faulk.
8:31 of 3rd period - Stopped by Mackenzie Blackwood with a rebound.
9:04 of 3rd period - Brent Burns is hit by Mika Zibanejad and loses puck.
9:45 of 3rd period - Backhand shot by Tyler Toffoli.
9:45 of 3rd period - Shot Misses the Net.
9:47 of 3rd period - Minor Penalty to Ryan Lindgren for Delaying the game.
9:48 of 3rd period - Sean Monahan wins face-off versus Barrett Hayton in Chicago Black Hawks zone.
9:59 of 3rd period - Slapshot by Sean Monahan.
9:59 of 3rd period - Shot Misses the Net.
10:01 of 3rd period - Wrist shot by Tyler Toffoli.
10:01 of 3rd period - Stopped by Filip Gustavsson without a rebound.
10:02 of 3rd period - Mika Zibanejad wins face-off versus Barrett Hayton in Chicago Black Hawks zone.
10:29 of 3rd period - Matthew Beniers is hit by Jared McCann and loses puck.
11:47 of 3rd period - Penalty to Ryan Lindgren is over, Ryan Lindgren is back on ice.
12:22 of 3rd period - Snap shot by Lucas Raymond.
12:22 of 3rd period - Shot Blocked by Zach Bogosian.
12:24 of 3rd period - Snap shot by Brett Howden.
12:24 of 3rd period - Shot Misses the Net.
12:26 of 3rd period - Slapshot by Ryan Lindgren.
12:26 of 3rd period - Shot Misses the Net.
12:32 of 3rd period - Minor Penalty to Andreas Athanasiou for Tripping.
12:33 of 3rd period - Barrett Hayton wins face-off versus Bryan Rust in Vegas Golden Knights zone.
12:36 of 3rd period - Slapshot by Noah Cates.
12:36 of 3rd period - Deflect By Barrett Hayton.
12:36 of 3rd period - Shot Misses the Net.
12:36 of 3rd period - Puck is out of play.
12:37 of 3rd period - Barrett Hayton wins face-off versus Bryan Rust in Vegas Golden Knights zone.
12:42 of 3rd period - Snap shot by Trevor Zegras.
12:42 of 3rd period - Shot Blocked by Thomas Chabot.
12:44 of 3rd period - Slapshot by Christopher Tanev.
12:44 of 3rd period - Shot Misses the Net.
12:46 of 3rd period - Slapshot by Brent Burns.
12:46 of 3rd period - Deflect By Trevor Zegras.
12:46 of 3rd period - Stopped by Mackenzie Blackwood with a rebound.
12:48 of 3rd period - Slapshot by Christopher Tanev.
12:48 of 3rd period - Stopped by Mackenzie Blackwood with a rebound.
12:50 of 3rd period - Snap shot by Brent Burns.
12:50 of 3rd period - Deflect By Noah Cates.
12:50 of 3rd period - Goal by Noah Cates - Chicago Black Hawks : 3 - Vegas Golden Knights : 5.
12:51 of 3rd period - Sean Monahan wins face-off versus Leo Carlsson in neutral zone.
12:59 of 3rd period - Slapshot by Jared McCann.
12:59 of 3rd period - Shot Blocked by Justin Faulk.
13:01 of 3rd period - Snap shot by Jared McCann.
13:01 of 3rd period - Stopped by Filip Gustavsson with a rebound.
13:03 of 3rd period - Slapshot by Sean Monahan.
13:03 of 3rd period - Deflect By Jared McCann.
13:03 of 3rd period - Stopped by Filip Gustavsson with a rebound.
13:05 of 3rd period - Slapshot by Roman Josi.
13:05 of 3rd period - Shot Misses the Net.
13:07 of 3rd period - Slapshot by Roman Josi.
13:07 of 3rd period - Stopped by Filip Gustavsson with a rebound.
13:22 of 3rd period - Snap shot by Reilly Smith.
13:22 of 3rd period - Shot Blocked by Brent Burns.
13:25 of 3rd period - Icing by Lucas Raymond.
13:26 of 3rd period - Auston Matthews wins face-off versus Leo Carlsson in Chicago Black Hawks zone.
13:46 of 3rd period - Snap shot by Brent Burns.
13:46 of 3rd period - Shot Misses the Net.
13:48 of 3rd period - Snap shot by Lucas Raymond.
13:48 of 3rd period - Shot Blocked by Thomas Chabot.
14:14 of 3rd period - Slapshot by Leo Carlsson.
14:14 of 3rd period - Shot Misses the Net.
14:16 of 3rd period - Wrist shot by Leo Carlsson.
14:16 of 3rd period - Stopped by Mackenzie Blackwood without a rebound.
14:17 of 3rd period - Mika Zibanejad wins face-off versus Barrett Hayton in Vegas Golden Knights zone.
14:28 of 3rd period - Trevor Zegras is hit by Bryan Rust and loses puck.
14:43 of 3rd period - Shane Wright is hit by Shea Theodore and loses puck.
16:32 of 3rd period - Off-side.
16:33 of 3rd period - Sean Monahan wins face-off versus Barrett Hayton in neutral zone.
16:48 of 3rd period - Snap shot by Jordan Staal.
16:48 of 3rd period - Stopped by Filip Gustavsson without a rebound.
16:49 of 3rd period - Jordan Staal wins face-off versus Morgan Frost in Chicago Black Hawks zone.
17:22 of 3rd period - Snap shot by Jordan Staal.
17:22 of 3rd period - Stopped by Filip Gustavsson with a rebound.
17:32 of 3rd period - Snap shot by Jordan Staal.
17:32 of 3rd period - Stopped by Filip Gustavsson without a rebound.
17:33 of 3rd period - Andreas Athanasiou wins face-off versus Matthew Beniers in Chicago Black Hawks zone.
17:46 of 3rd period - Wrist shot by Bobby Brink.
17:46 of 3rd period - Shot Blocked by Thomas Chabot.
18:00 of 3rd period - Brett Howden is hit by Bryan Rust and loses puck.
18:21 of 3rd period - Wrist shot by Sean Monahan.
18:21 of 3rd period - Stopped by Filip Gustavsson without a rebound.
18:22 of 3rd period - Barrett Hayton wins face-off versus Sean Monahan in Chicago Black Hawks zone.
18:36 of 3rd period - Snap shot by Trevor Zegras.
18:36 of 3rd period - Stopped by Mackenzie Blackwood with a rebound.
18:38 of 3rd period - Slapshot by Zachary Werenski.
18:38 of 3rd period - Shot Misses the Net.
19:40 of 3rd period - Tyler Toffoli is hit by Lucas Raymond.
Goals for this period are 1 for Chicago Black Hawks vs 0 for Vegas Golden Knights.
Shots for this period are 8 for Chicago Black Hawks vs 10 for Vegas Golden Knights.
Back to the Top